Map: Data-C

Players

binski

  • Race: Terran Terran
  • Spawn Location: 3:00

Harstem - Winner!

  • Race: Protoss Protoss
  • Spawn Location: 9:00

Event: DreamHack SC2 Masters 2022 Atlanta (Offline)

VOD

Have the link to the VOD?

Description

Time

  • Played on: Nov. 18, 2022, 11:48 a.m.
  • Length: 15:50

All games in this series

Show
View Real Time Build Order
Export as new Build Order

binski Terran 

Build Orders:  

Get SALT Encoding   

  12  0:00  SCV  
  13  0:12  SCV  
  14  0:18  Supply Depot  
  14  0:25  SCV  
  15  0:39  SCV  
  15  0:41  Barracks  
  16  0:44  Refinery  
  16  0:51  SCV  
  17  1:03  SCV  
  18  1:16  SCV  
  19  1:28  Orbital Command  
  19  1:29  Marine  
  20  1:45  Command Center  
  20  1:52  Barracks Reactor  
  20  1:55  SCV  
  21  2:02  Supply Depot  
  21  2:07  SCV  
  22  2:12  Factory  
  22  2:19  SCV  
  22  2:20  Refinery  
  23  2:28  Marine x2  
  25  2:31  SCV  
  25  2:37  Bunker  
  26  2:43  SCV  
  27  2:46  Marine  
  29  2:55  SCV  
  29  2:57  Hellion  
  32  3:02  Orbital Command  
  32  3:07  SCV  
  32  3:10  Starport  
  32  3:19  SCV, Widow Mine  
  35  3:21  Marine x2  
  37  3:30  SCV  
  37  3:31  SCV  
  39  3:37  Supply Depot  
  39  3:42  SCV  
  39  3:43  SCV, Factory Tech Lab  
  39  3:45  Marine  
  39  3:46  Starport Tech Lab, Marine  
  43  3:49  Refinery  
  43  3:54  SCV  
  44  3:55  SCV  
  44  4:02  Siege Tank  
  48  4:03  Supply Depot  
  48  4:04  Raven  
  48  4:06  SCV  
  48  4:08  SCV  
  52  4:10  Marine x2  
  54  4:25  Supply Depot, Barracks, SCV x2  
  54  4:30  Barracks  
  56  4:31  Marine  
  56  4:37  SCV x2  
  59  4:40  Siege Tank  
  62  4:49  SCV x2, Marine  
  65  4:57  Starport Reactor  
  63  5:01  SCV x2  
  63  5:03  Marine  
  63  5:04  Refinery  
  66  5:07  Marine  
  66  5:12  Siege Tank  
  70  5:16  Engineering Bay  
  70  5:21  Barracks Tech Lab  
  70  5:24  Stimpack  
  70  5:26  Supply Depot  
  70  5:27  Supply Depot  
  70  5:36  Supply Depot  
  70  5:37  SCV x2, Marauder, Marine x2  
  70  5:40  Combat Shield  
  70  5:41  Marauder  
  78  5:47  Medivac  
  78  5:48  Siege Tank  
  78  5:49  Supply Depot  
  83  5:52  Supply Depot  
  83  5:53  Terran Infantry Weapons Level 1  
  83  5:55  Supply Depot, Marine  
  84  5:57  Medivac  
  84  5:59  Marine x2  
  84  6:03  SCV x2  
  90  6:06  Marauder  
  92  6:12  Supply Depot  
  92  6:14  Supply Depot  
  92  6:19  Marine  
  92  6:20  Marauder  
  92  6:24  Supply Depot  
  95  6:27  Siege Tank, Marauder  
  100  6:37  Marine  
  100  6:38  Medivac  
  100  6:39  Medivac  
  105  6:40  Marine  
  105  6:41  Marauder  
  105  6:44  SCV x2  
  110  6:49  Marauder  
  112  7:02  Marauder  
  112  7:03  Concussive Shells  
  112  7:04  Command Center  
  114  7:08  Supply Depot  
  114  7:16  Marauder, Marine x2  
  114  7:20  Medivac  
  114  7:21  Siege Tank  
  123  7:24  Marauder  
  116  7:48  Terran Infantry Armor Level 1  
  116  7:49  Marauder, Marine x2  
  116  7:50  Marauder  
  122  7:51  Viking x2  
  122  7:53  SCV, Siege Tank  
  130  7:58  Supply Depot  
  130  8:07  Marine x2  
  130  8:11  Marauder  
  129  8:17  Marauder  
  121  8:23  SCV x2  
  121  8:25  Marine  
  124  8:32  Marauder  
  108  8:44  Viking, Marauder, Marine x2, Siege Tank  
  108  8:45  Viking  
  108  8:47  SCV x2  
  112  8:50  Barracks  
  112  8:51  Barracks  
  112  8:54  Marauder  
  109  8:56  Orbital Command  
  109  8:59  SCV x2  
  103  9:03  Marine  
  103  9:04  Marine  
  103  9:05  Marauder  
  107  9:11  SCV  
  107  9:12  SCV  
  107  9:15  Marauder  
  111  9:18  Viking  
  111  9:21  Marine  
  111  9:22  Viking, Siege Tank, Marine  
  111  9:24  SCV x2  
  122  9:32  Marauder  
  122  9:36  Marauder  
  122  9:37  Refinery  
  126  9:38  Refinery  
  126  9:39  Marine  
  126  9:40  Marine  
  128  9:45  Barracks Tech Lab  
  128  9:46  Barracks Reactor  
  128  9:48  Viking  
  128  9:52  Viking  
  132  9:54  Marauder  
  132  9:55  Siege Tank  
  132  9:58  Marauder  
  125  10:10  Marauder, Marine x2  
  127  10:15  Marauder  
  127  10:17  Viking  
  120  10:22  Viking  
  120  10:23  Marauder, Marine  
  120  10:24  SCV, Marine  
  120  10:25  SCV  
  120  10:27  Marine  
  120  10:28  SCV, Marine  
  134  10:31  Marauder  
  134  10:33  Engineering Bay, Armory  
  131  10:37  SCV x2  
  121  10:44  Marine  
  121  10:45  Marauder x2, Marine  
  121  10:47  Liberator, Marine x2  
  116  10:52  Medivac, Marine  
  116  10:53  Widow Mine  
  121  11:02  Command Center, Marine x2  
  123  11:06  Marauder x2  
  123  11:10  Marauder, Marine x2  
  131  11:20  Marine x2  
  131  11:22  Ghost Academy, Medivac  
  135  11:27  Marine  
  135  11:28  Marauder x2, Marine  
  135  11:32  Marauder  
  143  11:38  Marine x2  
  143  11:39  Terran Infantry Armor Level 2, Terran Infantry Weapons Level 2  
  145  11:41  Terran Ship Weapons Level 1  
  145  11:45  Marine x2  
  147  11:48  Marine  
  147  11:49  Marauder  
  147  11:53  Marine  
  151  11:59  Viking x2  
  154  12:03  SCV x2  
  154  12:04  SCV  
  154  12:05  Bunker  
  154  12:07  Ghost  
  154  12:08  Supply Depot, Marine x3  
  159  12:09  Marine, Ghost  
  159  12:10  Enhanced Shockwaves, Ghost  
  167  12:28  Missile Turret  
  167  12:31  Viking x2  
  167  12:34  Marine  
  167  12:35  Ghost  
  167  12:36  Marine  
  175  12:37  Marine  
  175  12:38  Ghost  
  175  12:44  Refinery x2  
  177  12:45  Planetary Fortress  
  177  12:47  SCV x2  
  177  12:50  Sensor Tower  
  171  13:11  Orbital Command  
  159  13:17  Marauder x3, Marine x4  
  149  13:23  SCV x2  
  142  13:33  Siege Tank  
  145  13:35  SCV x2, Marine x4  
  145  13:37  SCV  
  145  13:38  Marauder, Marine  
  145  13:39  Marauder  
  157  13:47  SCV x2  
  158  13:49  SCV  
  158  13:52  Marine  
  158  13:53  Marine  
  161  13:56  Marauder  
  161  13:59  SCV x2  
  161  14:01  SCV  
  149  14:04  Marauder, Marine  
  133  14:11  SCV x2  
  110  14:19  Marine  
  110  14:20  Marauder x2, Marine x2  
  110  14:21  Medivac x2, Widow Mine  
  110  14:22  Marine  
  114  14:26  Marauder  
  114  14:29  Bunker  
  114  14:30  Supply Depot  
  116  14:40  Marine x4, Ghost  
  116  14:41  Marauder  
  116  14:44  Starport  
  124  14:47  Marauder  
  124  14:50  Factory Reactor  
  126  14:56  Orbital Command  
  126  14:58  Marine x3  
  127  15:02  Ghost  
  127  15:07  Ghost  
  127  15:09  Ghost  
  116  15:19  SCV x2  
  116  15:20  Marine x3  
  123  15:30  SCV  
  123  15:31  Bunker, SCV  
  123  15:32  SCV, Missile Turret  
Show
View Real Time Build Order
Export as new Build Order

Harstem Protoss - Winner!

Build Orders: 1 Gate Expand, Blink Stalkers, Colossus Rush 

Get SALT Encoding   

  12  0:00  Probe  
  13  0:12  Probe  
  14  0:17  Pylon  
  14  0:24  Probe  
  15  0:35  Gateway  
  15  0:37  Probe (Chrono Boost)  
  16  0:47  Probe (Chrono Boost), Assimilator  
  17  0:52  Probe (Chrono Boost)  
  18  1:04  Probe  
  19  1:16  Probe  
  20  1:24  Nexus  
  20  1:34  Cybernetics Core  
  20  1:37  Probe  
  21  1:45  Assimilator  
  21  1:50  Probe  
  22  1:55  Pylon  
  22  2:02  Probe  
  23  2:11  Adept (Chrono Boost), Warp Gate  
  23  2:14  Probe  
  26  2:24  Twilight Council  
  26  2:26  Probe  
  27  2:31  Adept (Chrono Boost)  
  27  2:36  Probe  
  30  2:38  Probe  
  31  2:48  Probe  
  32  2:53  Gateway  
  32  2:57  Blink (Chrono Boost)  
  32  3:00  Probe x2  
  34  3:12  Probe x2  
  36  3:16  Robotics Facility  
  36  3:24  Probe x2  
  38  3:28  Pylon  
  38  3:32  Shield Battery  
  37  3:38  Probe, Pylon  
  38  3:42  Probe  
  39  3:50  Probe  
  39  3:53  Assimilator  
  39  3:54  Probe  
  41  3:59  Stalker x2, Pylon  
  41  4:02  Probe  
  46  4:06  Probe  
  47  4:10  Observer  
  47  4:14  Probe  
  49  4:19  Probe  
  49  4:23  Stalker  
  49  4:24  Stalker  
  54  4:26  Probe  
  54  4:30  Robotics Bay  
  56  4:38  Probe  
  56  4:41  Observer  
  56  4:42  Nexus  
  56  4:44  Probe  
  58  4:49  Pylon  
  58  4:50  Probe  
  59  4:52  Stalker  
  59  4:56  Probe  
  62  5:02  Probe, Assimilator  
  63  5:08  Probe  
  64  5:14  Probe  
  64  5:15  Disruptor (Chrono Boost), Pylon  
  64  5:19  Charge  
  64  5:20  Probe  
  69  5:21  Pylon  
  69  5:27  Probe  
  70  5:32  Probe  
  70  5:34  Pylon  
  71  5:39  Probe  
  71  5:40  Colossus (Chrono Boost)  
  78  5:43  Gateway  
  78  5:47  Gateway  
  78  5:49  Probe  
  78  5:52  Probe  
  78  5:56  Extended Thermal Lance  
  79  5:58  Probe  
  79  6:01  Probe  
  79  6:02  Zealot, Sentry  
  85  6:07  Probe  
  85  6:10  Probe  
  87  6:13  Shield Battery  
  87  6:16  Pylon  
  87  6:17  Colossus (Chrono Boost)  
  93  6:18  Observer  
  93  6:24  Gateway  
  93  6:26  Gateway  
  93  6:28  Sentry  
  93  6:29  Zealot  
  97  6:33  Pylon  
  97  6:34  Probe  
  98  6:45  Zealot x2  
  98  6:46  Probe  
  103  6:47  Pylon  
  103  6:51  Probe  
  103  6:53  Pylon  
  104  6:57  Colossus (Chrono Boost), Stalker x2  
  114  7:02  Shield Battery  
  114  7:19  Zealot x3  
  120  7:23  Stalker x2  
  120  7:29  Probe  
  123  7:34  Stalker  
  123  7:36  Colossus  
  122  7:42  Zealot x3  
  131  7:45  Probe  
  131  7:48  Probe  
  131  7:49  Stalker x2  
  131  7:50  Probe  
  134  7:53  Assimilator  
  134  7:54  Forge  
  134  8:00  Zealot  
  134  8:02  Probe  
  135  8:06  Pylon  
  135  8:08  Zealot  
  135  8:09  Forge  
  121  8:17  Zealot x4  
  107  8:21  Zealot  
  107  8:22  Probe  
  107  8:25  Probe  
  107  8:26  Probe  
  107  8:27  Shield Battery  
  112  8:29  Zealot, Assimilator  
  112  8:31  Assimilator  
  114  8:38  Zealot x4  
  104  8:43  Zealot, Observer  
  104  8:50  Stalker  
  100  8:56  Probe, Protoss Ground Armor Level 1 (Chrono Boost)  
  100  8:57  Protoss Ground Weapons Level 1 (Chrono Boost)  
  100  9:00  Stalker x4  
  103  9:05  Stalker  
  105  9:14  Zealot  
  105  9:15  Probe  
  107  9:17  Shield Battery  
  107  9:21  Photon Cannon  
  107  9:27  Immortal (Chrono Boost)  
  107  9:28  Zealot x2, Sentry  
  107  9:29  Zealot x2  
  121  9:33  Templar Archives  
  121  9:34  Stalker  
  123  9:44  Probe  
  124  9:53  Zealot x5  
  122  10:00  Stalker  
  122  10:04  Probe  
  122  10:05  Colossus (Chrono Boost)  
  121  10:14  High Templar x3  
  121  10:15  High Templar  
  121  10:16  Zealot  
  121  10:19  Archon x2  
  125  10:21  Probe  
  126  10:29  Zealot, Gateway  
  126  10:31  Gateway  
  126  10:32  Nexus  
  126  10:33  Pylon  
  126  10:34  Pylon  
  126  10:39  Zealot  
  116  10:48  Colossus (Chrono Boost)  
  102  10:50  Zealot x5  
  102  10:54  Protoss Ground Weapons Level 2 (Chrono Boost)  
  102  10:55  Probe  
  115  10:59  Protoss Ground Armor Level 2 (Chrono Boost)  
  115  11:02  Probe  
  116  11:06  Zealot  
  116  11:11  Gateway, High Templar x2  
  118  11:12  Gateway  
  118  11:15  Zealot, Archon  
  124  11:20  Zealot x2  
  126  11:26  Stalker x2  
  126  11:30  Zealot  
  126  11:32  Disruptor (Chrono Boost)  
  130  11:37  Shield Battery  
  133  11:43  High Templar x2  
  133  11:44  Zealot x2  
  139  11:50  Archon  
  139  11:54  Zealot x4  
  145  12:02  Disruptor (Chrono Boost)  
  148  12:09  Probe  
  148  12:11  Photon Cannon  
  148  12:13  Zealot, High Templar x2  
  148  12:14  Zealot, Photon Cannon  
  157  12:18  Assimilator  
  157  12:22  Zealot x5  
  167  12:23  Archon  
  167  12:26  Pylon  
  167  12:33  Disruptor  
  167  12:36  Assimilator  
  170  12:37  Zealot  
  170  12:38  Zealot x2  
  176  12:46  Stalker x2  
  176  12:47  Stalker  
  176  12:49  Pylon  
  182  12:54  Dark Shrine  
  180  13:02  Stalker  
  180  13:03  Stalker x3  
  168  13:12  Zealot x3  
  168  13:16  Disruptor (Chrono Boost)  
  140  13:27  Zealot x5  
  140  13:36  Zealot x3  
  140  13:39  Probe  
  147  13:47  Zealot x5  
  154  13:54  Zealot x2  
  158  13:57  Disruptor (Chrono Boost)  
  158  14:00  Zealot x2  
  147  14:06  Zealot  
  115  14:12  Zealot x4  
  110  14:18  Stalker  
  110  14:19  Stalker  
  114  14:29  Sentry, Dark Templar x2  
  120  14:35  Disruptor (Chrono Boost)  
  120  14:36  High Templar x2  
  120  14:37  High Templar x2  
  131  14:42  Archon  
  131  14:43  Archon  
  131  14:48  Zealot x2  
  131  14:50  Zealot  
  133  15:16  Zealot, Stalker x2  
  133  15:17  Zealot x7  
  133  15:18  Disruptor (Chrono Boost)  
  152  15:40  Zealot x7  
Tags
 
Add a new tag
Caveats
  • Supply blocks, unpowered buildings, or Contaminate may cause inaccurate times.
  • Supply counts are checked every 10 seconds.